3AA
YAKIMA HOPS @ RICHLAND RAILS
07/29/2042
 
TOP OF THE 1ST
Yakima Hops batting - Pitching for Richland Rails : LHP António Moreno
Pitching: LHP António Moreno
Batting: LHB Alfredo Pliego 0-0: Ball
1-0: Ball
2-0: Foul Ball, location: 2F
2-1: Ball
3-1: Called Strike
3-2: SINGLE (Groundball, 56D, EV 106.2 MPH)
Batting: RHB Rodrigo Jiménez 0-0: Fly out, F4 (Popup, 4, EV 75.6 MPH)
Batting: RHB Rickey Warner 0-0: Ball
1-0: Foul Ball, location: 2F
1-1: Ball
2-1: Foul Ball, location: 2F
2-2: Ball
3-2: Base on Balls
Alfredo Pliego to second
Batting: RHB Tim Dickson 0-0: Foul Ball, location: 2F
0-1: Called Strike
0-2: Ball
1-2: Ball
2-2: Foul Ball, location: 2F
2-2: Ball
3-2: Foul Ball, location: 2F
3-2: SINGLE (Line Drive, 9S, EV 89.4 MPH)
Alfredo Pliego to third
Rickey Warner to second
Batting: LHB Daniel MacBrayne 0-0: Called Strike
0-1: Ball
1-1: Called Strike
1-2: Ball
Passed Ball!
Alfredo Pliego scores
Rickey Warner to third
Tim Dickson to second
2-2: Hit by Pitch
Batting: LHB Richard Barlow 0-0: Grounds into double play, 6-4-3 (Groundball, 6, EV 90.0 MPH)
Top of the 1st over - 1 run, 2 hits, 0 errors, 2 left on base; Yakima 1 - Richland 0
BOTTOM OF THE 1ST
Richland Rails batting - Pitching for Yakima Hops : RHP Toshinobu Nakamura
Pitching: RHP Toshinobu Nakamura
Batting: LHB Josh Wiggins 0-0: Ball
1-0: Ball
2-0: Ball
3-0: Called Strike
3-1: Base on Balls
Batting: LHB Ricardo Águila 0-0: Fly out, F8 (Flyball, 78M, EV 85.6 MPH)
Batting: RHB Kazuki Takahashi 0-0: Ball
1-0: Fly out, F9 (Flyball, 9LS, EV 88.1 MPH)
Batting: RHB Greg Ge 0-0: Called Strike
0-1: Ball
1-1: Fly out, F7 (Line Drive, 7, EV 98.1 MPH)
Bottom of the 1st over - 0 runs, 0 hits, 0 errors, 1 left on base; Yakima 1 - Richland 0
TOP OF THE 2ND
Yakima Hops batting - Pitching for Richland Rails : LHP António Moreno
Batting: SHB John Joseph 0-0: Ball
1-0: Called Strike
1-1: Called Strike
1-2: Foul Ball, location: 2F
1-2: Fly out, F7 (Line Drive, 7, EV 88.1 MPH)
Batting: LHB Damon Cross 0-0: Called Strike
0-1: Ball
1-1: Ball
2-1: Foul Ball, location: 2F
2-2: Fly out, F4 (Popup, 34D, EV 57.5 MPH)
Batting: RHB Clarence Price 0-0: Foul Ball, location: 2F
0-1: Ball
1-1: Foul Ball, location: 2F
1-2: Ball
2-2: Ground out 6-3 (Groundball, 6, EV 83.1 MPH)
Top of the 2nd over - 0 runs, 0 hits, 0 errors, 0 left on base; Yakima 1 - Richland 0
BOTTOM OF THE 2ND
Richland Rails batting - Pitching for Yakima Hops : RHP Toshinobu Nakamura
Batting: RHB Cheng-ho Bu 0-0: Called Strike
0-1: Hit by Pitch
Batting: RHB Ben Russell 0-0: Ball
1-0: Ball
2-0: Fly out, F8 (Flyball, 8LM, EV 90.0 MPH)
Batting: RHB Javier Botín 0-0: Called Strike
0-1: Ball
1-1: Ball
2-1: Ball
3-1: Base on Balls
Cheng-ho Bu to second
Batting: RHB Jon Hill 0-0: Called Strike
0-1: Called Strike
0-2: Ball
1-2: Grounds into double play, 5-4-3 (Groundball, 56, EV 86.2 MPH)
Bottom of the 2nd over - 0 runs, 0 hits, 0 errors, 1 left on base; Yakima 1 - Richland 0
TOP OF THE 3RD
Yakima Hops batting - Pitching for Richland Rails : LHP António Moreno
Batting: LHB Alfredo Pliego 0-0: Ball
1-0: Swinging Strike
1-1: Ball
2-1: Ball
3-1: Called Strike
3-2: Fly out, F8 (Flyball, 8RXD, EV 86.2 MPH)
Batting: RHB Rodrigo Jiménez 0-0: Ball
1-0: Reached on error, E6 (Groundball, 6S, EV 88.1 MPH)
Batting: RHB Rickey Warner 0-0: Ball
1-0: Ball
2-0: Called Strike
2-1: Foul Ball, location: 2F
2-2: Fielders Choice at 2nd, 6-4 (Groundball, 6, EV 83.1 MPH)
Batting: RHB Tim Dickson 0-0: Fly out, F4 (Popup, 4D, EV 55.0 MPH)
Top of the 3rd over - 0 runs, 0 hits, 1 error, 1 left on base; Yakima 1 - Richland 0
BOTTOM OF THE 3RD
Richland Rails batting - Pitching for Yakima Hops : RHP Toshinobu Nakamura
Batting: RHB Steve Haley 0-0: Ball
1-0: Ball
2-0: Ground out 3-1 (Groundball, 34, EV 91.2 MPH)
Batting: LHB Josh Wiggins 0-0: Called Strike
0-1: Ground out 4-3 (Groundball, 4, EV 90.0 MPH)
Batting: LHB Ricardo Águila 0-0: Foul Ball, location: 2F
0-1: Foul Ball, location: 2F
0-2: Foul Ball, location: 2F
0-2: Foul Ball, location: 2F
0-2: Ball
1-2: Foul Ball, location: 2F
1-2: SINGLE (Groundball, 4MD, EV 93.8 MPH)
Batting: RHB Kazuki Takahashi 0-0: Called Strike
Ricardo Águila steals 2nd base
0-1: Swinging Strike
0-2: Foul Ball, location: 2F
0-2: Strikes out swinging
Bottom of the 3rd over - 0 runs, 1 hit, 0 errors, 1 left on base; Yakima 1 - Richland 0
TOP OF THE 4TH
Yakima Hops batting - Pitching for Richland Rails : LHP António Moreno
Batting: LHB Daniel MacBrayne 0-0: Called Strike
0-1: Foul Ball, location: 2F
0-2: Foul Ball, location: 2F
0-2: Strikes out swinging
Batting: LHB Richard Barlow 0-0: Foul Ball, location: 2F
0-1: SINGLE (Groundball, 3, EV 89.4 MPH) (infield hit)
Batting: SHB John Joseph 0-0: Fly out, F8 (Flyball, 8LD, EV 86.9 MPH)
Batting: LHB Damon Cross 0-0: Ground out 1-3 (Groundball, 34S, EV 71.9 MPH)
Top of the 4th over - 0 runs, 1 hit, 0 errors, 1 left on base; Yakima 1 - Richland 0
BOTTOM OF THE 4TH
Richland Rails batting - Pitching for Yakima Hops : RHP Toshinobu Nakamura
Batting: RHB Greg Ge 0-0: Called Strike
0-1: Called Strike
0-2: Strikes out looking
Batting: RHB Cheng-ho Bu 0-0: Foul Ball, location: 2F
0-1: Ball
1-1: Foul Ball, location: 2F
1-2: Ball
2-2: Foul Ball, location: 2F
2-2: Ball
3-2: Ground out 4-3 (Groundball, 4, EV 91.9 MPH)
Batting: RHB Ben Russell 0-0: Swinging Strike
0-1: Ball
1-1: Ball
2-1: Called Strike
2-2: Ball
3-2: SINGLE (Groundball, 34D, EV 101.2 MPH)
Batting: RHB Javier Botín 0-0: Called Strike
0-1: Ball
1-1: Ball
2-1: Ball
3-1: Ground out 6-3 (Groundball, 56D, EV 105.0 MPH)
Bottom of the 4th over - 0 runs, 1 hit, 0 errors, 1 left on base; Yakima 1 - Richland 0
TOP OF THE 5TH
Yakima Hops batting - Pitching for Richland Rails : LHP António Moreno
Batting: RHB Clarence Price 0-0: Called Strike
0-1: Foul Ball, location: 2F
0-2: Foul Ball, location: 2F
0-2: Ball
1-2: Ball
2-2: Foul Ball, location: 2F
2-2: Ball
3-2: Fly out, F1 (Line Drive, P, EV 68.1 MPH)
Batting: LHB Alfredo Pliego 0-0: Called Strike
0-1: Ball
1-1: Ball
2-1: Ball
3-1: Fly out, F7 (Flyball, 78XD, EV 98.8 MPH)
Batting: RHB Rodrigo Jiménez 0-0: Ball
1-0: Ground out 6-3 (Groundball, 6, EV 93.1 MPH)
Top of the 5th over - 0 runs, 0 hits, 0 errors, 0 left on base; Yakima 1 - Richland 0
BOTTOM OF THE 5TH
Richland Rails batting - Pitching for Yakima Hops : RHP Toshinobu Nakamura
Batting: RHB Jon Hill 0-0: Ball
1-0: Foul Ball, location: 2F
1-1: Swinging Strike
1-2: Ball
2-2: Fly out, F8 (Flyball, 78M, EV 83.1 MPH)
Batting: RHB Steve Haley 0-0: Ball
1-0: Fly out, F8 (Flyball, 89M, EV 81.9 MPH)
Batting: LHB Josh Wiggins 0-0: Called Strike
0-1: Ball
1-1: Ball
2-1: Ball
3-1: Base on Balls
Batting: LHB Ricardo Águila 0-0: Called Strike
Josh Wiggins steals 2nd base
0-1: Ball
1-1: Ball
2-1: Fly out, F8 (Flyball, 78D, EV 107.5 MPH)
Bottom of the 5th over - 0 runs, 0 hits, 0 errors, 1 left on base; Yakima 1 - Richland 0
TOP OF THE 6TH
Yakima Hops batting - Pitching for Richland Rails : LHP António Moreno
Batting: RHB Rickey Warner 0-0: Ball
1-0: Ball
2-0: Foul Ball, location: 2F
2-1: Called Strike
2-2: Ground out 6-3 (Groundball, 6, EV 87.5 MPH)
Batting: RHB Tim Dickson 0-0: Called Strike
0-1: Ball
1-1: Fly out, F9 (Flyball, 9, EV 93.1 MPH)
Batting: LHB Daniel MacBrayne 0-0: Fly out, F8 (Flyball, 8RXD, EV 86.2 MPH)
Top of the 6th over - 0 runs, 0 hits, 0 errors, 0 left on base; Yakima 1 - Richland 0
BOTTOM OF THE 6TH
Richland Rails batting - Pitching for Yakima Hops : RHP Toshinobu Nakamura
Batting: RHB Kazuki Takahashi 0-0: Ball
1-0: Called Strike
1-1: Swinging Strike
1-2: Strikes out swinging
Batting: RHB Greg Ge 0-0: SINGLE (Line Drive, 78S, EV 105.0 MPH)
Batting: RHB Cheng-ho Bu 0-0: Ball
Passed Ball!
Greg Ge to second
1-0: Called Strike
1-1: Ball
2-1: Called Strike
2-2: Ball
3-2: Fly out, F7 (Flyball, 7S, EV 80.6 MPH)
Batting: RHB Ben Russell 0-0: Foul Ball, location: 2F
0-1: Ball
1-1: Foul Ball, location: 2F
1-2: Ball
2-2: Ball
3-2: Fly out, F9 (Flyball, 9D, EV 88.8 MPH)
Bottom of the 6th over - 0 runs, 1 hit, 0 errors, 1 left on base; Yakima 1 - Richland 0
TOP OF THE 7TH
Yakima Hops batting - Pitching for Richland Rails : LHP António Moreno
Batting: LHB Richard Barlow 0-0: Called Strike
0-1: Ground out 1-3 (Groundball, 34S, EV 76.9 MPH)
Pitching: RHP Ryan Neal
Batting: SHB John Joseph 0-0: Foul Ball, location: 2F
0-1: Ball
1-1: SINGLE (Line Drive, 9LS, EV 88.8 MPH)
Batting: LHB Damon Cross 0-0: Called Strike
0-1: Ball
1-1: Fly out, F5 (Popup, 5, EV 57.5 MPH)
Batting: RHB Clarence Price 0-0: Ball
1-0: Foul Ball, location: 2F
1-1: Foul Ball, location: 2F
1-2: Strikes out swinging
Top of the 7th over - 0 runs, 1 hit, 0 errors, 1 left on base; Yakima 1 - Richland 0
BOTTOM OF THE 7TH
Richland Rails batting - Pitching for Yakima Hops : RHP Toshinobu Nakamura
Pitching: RHP Al Hensley
Batting: RHB Javier Botín 0-0: Ball
1-0: Swinging Strike
1-1: Fly out, F6 (Popup, 6M, EV 55.6 MPH)
Batting: RHB Jon Hill 0-0: Ball
1-0: Ball
2-0: Called Strike
2-1: Ball
3-1: Base on Balls
Batting: RHB Steve Haley 0-0: Ball
1-0: Fly out, F9 (Flyball, 89D, EV 104.4 MPH)
Batting: LHB Josh Wiggins 0-0: Ball
1-0: Called Strike
Jon Hill steals 2nd base
1-1: Ball
2-1: Ball
3-1: Foul Ball, location: 2F
3-2: Foul Ball, location: 2F
3-2: Fly out, F8 (Line Drive, 8RD, EV 91.2 MPH)
Bottom of the 7th over - 0 runs, 0 hits, 0 errors, 1 left on base; Yakima 1 - Richland 0
TOP OF THE 8TH
Yakima Hops batting - Pitching for Richland Rails : RHP Ryan Neal
Batting: LHB Alfredo Pliego 0-0: Swinging Strike
0-1: Called Strike
0-2: Fly out, F8 (Flyball, 89M, EV 78.8 MPH)
Batting: RHB Rodrigo Jiménez 0-0: Ball
1-0: Fly out, F3 (Line Drive, 3, EV 74.4 MPH)
Batting: RHB Rickey Warner 0-0: Ball
1-0: Called Strike
1-1: Ball
2-1: Ball
3-1: SINGLE (Groundball, 56D, EV 97.5 MPH)
Batting: RHB Tim Dickson 0-0: Ball
Rickey Warner is caught stealing 2nd base 2-4
Top of the 8th over - 0 runs, 1 hit, 0 errors, 0 left on base; Yakima 1 - Richland 0
BOTTOM OF THE 8TH
Richland Rails batting - Pitching for Yakima Hops : RHP Al Hensley
Now at 2B: Jorge Esparza
Batting: LHB Ricardo Águila 0-0: Called Strike
0-1: Ball
1-1: Ball
2-1: Foul Ball, location: 2F
2-2: SINGLE (Groundball, 56, EV 86.9 MPH) (infield hit)
Batting: RHB Kazuki Takahashi 0-0: Called Strike
0-1: Fielders Choice at 2nd, 6-4 (Groundball, 56, EV 85.0 MPH)
Batting: RHB Greg Ge 0-0: Called Strike
0-1: Ground out 6-3 (Groundball, 56S, EV 77.5 MPH)
Kazuki Takahashi to second
Batting: RHB Cheng-ho Bu 0-0: Ball
1-0: Ball
2-0: Foul Ball, location: 2F
2-1: SINGLE (Groundball, 34D, EV 99.4 MPH)
Kazuki Takahashi to third
Runner from 3rd tries for Home, SAFE, no throw by RF
Batting: RHB Ben Russell 0-0: Called Strike
0-1: Ball
1-1: Swinging Strike
1-2: Ball
2-2: Foul Ball, location: 2F
2-2: Foul Ball, location: 2F
2-2: Fly out, F7 (Flyball, 7, EV 90.0 MPH)
Bottom of the 8th over - 1 run, 2 hits, 0 errors, 1 left on base; Yakima 1 - Richland 1
TOP OF THE 9TH
Yakima Hops batting - Pitching for Richland Rails : RHP Ryan Neal
Batting: RHB Jorge Esparza 0-0: Called Strike
0-1: Foul Ball, location: 2F
0-2: Ground out 6-3 (Groundball, 6, EV 85.6 MPH)
Batting: LHB Daniel MacBrayne 0-0: Swinging Strike
0-1: Called Strike
0-2: Ball
1-2: Ball
2-2: Foul Ball, location: 2F
2-2: Strikes out swinging
Batting: LHB Richard Barlow 0-0: Foul Ball, location: 2F
0-1: Called Strike
0-2: Ground out U3 (Groundball, 34, EV 77.5 MPH)
Top of the 9th over - 0 runs, 0 hits, 0 errors, 0 left on base; Yakima 1 - Richland 1
BOTTOM OF THE 9TH
Richland Rails batting - Pitching for Yakima Hops : RHP Al Hensley
Pinch Hitting: LHB Doyle Berkey 0-0: Called Strike
0-1: Foul Ball, location: 2F
0-2: Ball
1-2: Ball
2-2: Ball
3-2: Foul Ball, location: 2F
3-2: Fly out, F7 (Flyball, 7, EV 91.2 MPH)
Pitching: RHP Logan Barker
Batting: RHB Jon Hill 0-0: Ball
1-0: Called Strike
1-1: Swinging Strike
1-2: Ball
2-2: Ball
3-2: SINGLE (Line Drive, 4D, EV 95.0 MPH)
Pinch Hitting: RHB Wilbur Thomas 0-0: Ball
1-0: Ball
2-0: Fly out, F9 (Flyball, 89S, EV 85.6 MPH)
Batting: LHB Josh Wiggins 0-0: Swinging Strike
0-1: Ball
1-1: Called Strike
1-2: Foul Ball, location: 2F
1-2: SINGLE (Line Drive, 7LM, EV 109.4 MPH)
Jon Hill to second
Batting: LHB Ricardo Águila 0-0: Swinging Strike
0-1: Called Strike
0-2: Ball
1-2: Ball
2-2: Foul Ball, location: 2F
2-2: Ball
3-2: Foul Ball, location: 2F
3-2: Foul Ball, location: 2F
3-2: Strikes out looking
Bottom of the 9th over - 0 runs, 2 hits, 0 errors, 2 left on base; Yakima 1 - Richland 1
TOP OF THE 10TH
Yakima Hops batting - Pitching for Richland Rails : RHP Ryan Neal
Pitching: LHP Artie Bates
Now at C: Bill Wolf
Now at 3B: Tony Juderías
Pinch Hitting: RHB Miguel Angel Criado 0-0: Ball
1-0: Foul Ball, location: 2F
1-1: Foul Ball, location: 2F
1-2: Ball
2-2: Ball
3-2: Foul Ball, location: 2F
3-2: Strikes out swinging
Batting: LHB Damon Cross 0-0: Called Strike
0-1: Swinging Strike
0-2: Ball
1-2: Fly out, F7 (Flyball, 7S, EV 91.9 MPH)
Batting: RHB Clarence Price 0-0: Ball
1-0: Ground out 5-3 (Groundball, 56S, EV 82.5 MPH)
Top of the 10th over - 0 runs, 0 hits, 0 errors, 0 left on base; Yakima 1 - Richland 1
BOTTOM OF THE 10TH
Richland Rails batting - Pitching for Yakima Hops : RHP Logan Barker
Pitching: RHP Chris McDonald
Now at 1B: Kyung-ryul Kim
Batting: RHB Kazuki Takahashi 0-0: Foul Ball, location: 2F
0-1: Foul Ball, location: 2F
0-2: Foul Ball, location: 2F
0-2: Strikes out swinging
Batting: RHB Greg Ge 0-0: Called Strike
0-1: Ball
1-1: Ball
2-1: Swinging Strike
2-2: Ball
3-2: Ground out 6-3 (Groundball, 6, EV 90.6 MPH)
Batting: RHB Cheng-ho Bu 0-0: Ball
1-0: Fly out, F8 (Flyball, 78M, EV 88.1 MPH)
Bottom of the 10th over - 0 runs, 0 hits, 0 errors, 0 left on base; Yakima 1 - Richland 1
TOP OF THE 11TH
Yakima Hops batting - Pitching for Richland Rails : LHP Artie Bates
Pitching: RHP Will Sovaiala
Batting: LHB Alfredo Pliego 0-0: Called Strike
0-1: Ball
1-1: Ground out 4-3 (Groundball, 4, EV 88.1 MPH)
Batting: RHB Rodrigo Jiménez 0-0: Ball
1-0: Called Strike
1-1: DOUBLE (Line Drive, 9LD, EV 98.1 MPH)
Batting: RHB Rickey Warner 0-0: Foul Ball, location: 2F
0-1: Ball
1-1: Ground out 6-3 (Groundball, 6S, EV 65.6 MPH)
Rodrigo Jiménez to third
Batting: RHB Jorge Esparza 0-0: Swinging Strike
0-1: Ball
1-1: Ground out 6-3 (Groundball, 56, EV 106.2 MPH)
Top of the 11th over - 0 runs, 1 hit, 0 errors, 1 left on base; Yakima 1 - Richland 1
BOTTOM OF THE 11TH
Richland Rails batting - Pitching for Yakima Hops : RHP Chris McDonald
Batting: RHB Ben Russell 0-0: Called Strike
0-1: Fly out, F9 (Flyball, 89M, EV 81.9 MPH)
Batting: RHB Tony Juderías 0-0: Ball
1-0: SINGLE (Flyball, 7LM, EV 93.1 MPH)
Batting: RHB Jon Hill 0-0: Ball
1-0: Foul Ball, location: 2F
1-1: Ball
Tony Juderías steals 2nd base
2-1: Intentional Walk
Batting: RHB Bill Wolf 0-0: Called Strike
0-1: Ball
1-1: Swinging Strike
1-2: Strikes out swinging
Batting: LHB Josh Wiggins 0-0: 3-RUN HOME RUN (Flyball, 9D, EV 86.9 MPH), Distance : 347 ft
Friday, March 26th, 2021 - OOTP Baseball 20.8 Build 74